Map: Ice and Chrome LE

Players

Silky

  • Race: Zerg Zerg
  • Spawn Location: 7:00

Nina - Winner!

  • Race: Protoss Protoss
  • League: Grandmaster
  • Spawn Location: 1:00

Event: The Miserable Cup

VOD

Have the link to the VOD?

Description

Time

  • Played on: June 21, 2020, 5:56 p.m.
  • Length: 3:55

All games in this series

Show
View Real Time Build Order
Export as new Build Order

Silky Zerg 

Build Orders: Pool First 

Get SALT Encoding   

  12  0:17  Spawning Pool  
  11  0:22  Drone  
  11  0:27  Drone  
  13  0:31  Drone  
  14  0:39  Overlord  
  14  1:04  Zergling x4  
  16  1:05  Zergling x2  
  17  1:17  Zergling x2  
  18  1:23  Extractor  
  18  1:24  Hatchery  
  16  1:27  Drone  
  17  1:35  Queen  
  17  1:39  Drone  
  20  1:48  Overlord  
  20  2:11  Zergling x4  
  20  2:24  Metabolic Boost  
  20  2:26  Zergling x2  
  21  2:33  Zergling x2  
  21  2:36  Zergling x2  
  23  2:37  Queen  
  24  2:46  Zergling x2  
  24  2:50  Zergling x2  
  26  2:53  Zergling x6  
  26  2:57  Zergling x2  
  30  3:01  Zergling x2  
  30  3:05  Zergling x2  
  30  3:10  Zergling x2  
  32  3:17  Zergling x2  
  33  3:28  Zergling x4  
  33  3:29  Zergling x2  
  33  3:30  Overlord  
Show
View Real Time Build Order
Export as new Build Order

Nina Protoss - Winner!

Build Orders:  

Get SALT Encoding   

  12  0:00  Probe  
  13  0:13  Probe  
  14  0:20  Pylon  
  14  0:25  Probe  
  15  0:34  Probe  
  15  0:39  Gateway  
  15  0:42  Probe  
  17  0:52  Probe  
  17  0:53  Assimilator  
  18  1:04  Probe  
  19  1:16  Probe  
  20  1:27  Cybernetics Core  
  20  1:28  Gateway  
  20  1:31  Zealot  
  22  1:38  Pylon  
  22  1:49  Probe  
  23  1:54  Pylon  
  23  1:57  Adept  
  25  2:17  Nexus  
  25  2:21  Probe  
  24  2:26  Adept  
  25  2:33  Probe  
  26  2:45  Probe  
  27  2:54  Assimilator  
  27  2:55  Pylon  
  27  2:57  Probe  
  28  3:09  Stargate, Probe  
  29  3:14  Adept  
  29  3:21  Probe, Gateway  
  31  3:32  Pylon  
  32  3:34  Shield Battery  
  31  3:43  Shield Battery  
  33  3:49  Pylon  
  33  3:52  Pylon  
Tags
 
Add a new tag
Caveats
  • Supply blocks, unpowered buildings, or Contaminate may cause inaccurate times.
  • Supply counts are checked every 10 seconds.